 Dungeon Crawl Stone Soup version 0.28.0-53-g5a82cb258f (webtiles) character file.

Game seed: 5510998191440641204

1082 issech the Skirmisher (level 8, -8/70 HPs)
             Began as a Minotaur Monk on June 5, 2022.
             Killed by divine providence
             ... invoked by an orc priest
              (11 damage)
             ... on level 6 of the Dungeon.
             The game lasted 00:18:59 (6416 turns).

issech the Skirmisher (Minotaur Monk)               Turns: 6416, Time: 00:18:59

Health: -8/70      AC: 17    Str: 16    XL:     8   Next: 8%
Magic:  7/7        EV:  2    Int:  7    God:
Gold:   239        SH:  0    Dex: 15    Spells: 7/7 levels left

rFire   + . .      SeeInvis .   m - +5 club
rCold   x . .      Faith    .   (no shield)
rNeg    . . .      Spirit   .   B - +0 crystal plate armour
rPois   .          Reflect  .   (helmet restricted)
rElec   .          Harm     .   (no cloak)
rCorr   .          Rampage  .   (no gloves)
Will    .....                   (no boots)
Stlth   ..........              (no amulet)
HPRegen 0.21/turn               b - ring of fire
MPRegen 0.10/turn               (no ring)

@: no status effects
A: horns 2, retaliatory headbutt
a: no special abilities


You were on level 6 of the Dungeon.
You visited 1 branch of the dungeon, and saw 6 of its levels.

You collected 291 gold pieces.
You spent 52 gold pieces at shops.

Inventory:

Hand Weapons
 j - a +2 dagger of draining
 m - a +5 club (weapon)
 p - a +0 hunting sling
 x - a +0 shortbow
 C - a +0 vorpal flail
 D - a +2 hand axe of pain
Missiles
 c - a boomerang of dispersal
 e - 11 poisoned darts
 k - 148 stones (quivered)
 q - 128 arrows
 t - a throwing net
 z - 2 atropa-tipped darts
Armour
 B - a +0 crystal plate armour (worn)
Jewellery
 b - a ring of fire (left hand)
Scrolls
 f - 3 scrolls of enchant weapon
 h - 3 scrolls of fear
 l - a scroll of silence
 w - 2 scrolls of enchant armour
 F - a scroll of identify
Potions
 a - 2 potions of berserk rage {unknown}
 d - 3 potions of attraction {unknown}
 n - a potion of might {unknown}
 r - 2 potions of mutation {unknown}
 u - 2 potions of haste {unknown}
 v - a potion of cancellation {unknown}
 E - 2 potions of magic {unknown}


   Skills:
 + Level 6.0 Fighting
 + Level 4.2(5.7) Axes
 + Level 5.9(6.6) Maces & Flails
 + Level 2.5 Slings
 + Level 5.7 Armour
 + Level 4.6 Dodging
 + Level 2.1 Stealth


You had 7 spell levels left.
You didn't know any spells.
Your spell library contained the following spells:

 Spells                   Type           Power      Damage    Failure   Level
 Blink                    Tloc           0%         N/A       100%        2
 Corpse Rot               Necr/Air       0%         N/A       100%        2
 Poisonous Vapours        Pois/Air       0%         N/A       100%        2
 Gell's Gravitas          Tloc           0%         N/A       100%        3
 Lesser Beckoning         Tloc           0%         N/A       100%        3
 Teleport Other           Tloc           0%         N/A       100%        3
 Manifold Assault         Tloc           0%         N/A       100%        5


Dungeon Overview and Level Annotations

Branches:
Dungeon (6/15)
 Temple: D:4-7

Altars:
Sif Muna

Shops:
D:4 ?


Innate Abilities, Weirdness & Mutations

You have a pair of horns on your head.
You reflexively headbutt those who attack you in melee.


Message History

a +0 falchion; an orc corpse You hit the hound.
The hound is heavily wounded.
The hound bites you but does no damage. x2
You sock the hound!
The hound is almost dead.
The hound bites you but does no damage.
You closely miss the hound.
The hound is almost dead.
The hound bites you but does no damage. x2
You thump the hound!
You kill the hound!
You hit the orc priest but do no damage.
You headbutt the orc priest!
The orc priest is heavily wounded.
The orc priest hits you but does no damage.
You are electrocuted!!
You closely miss the orc priest.
The orc priest is heavily wounded.
The orc priest casts a cantrip, but nothing happens.
You hit the orc priest. Your headbutt misses the orc priest.
The orc priest is severely wounded.
The orc priest hits you but does no damage.
You are electrocuted!!
* * * LOW HITPOINT WARNING * * *
You hit the orc priest. Your headbutt misses the orc priest.
The orc priest is almost dead.
The orc priest hits you but does no damage.
You are electrocuted!
* * * LOW HITPOINT WARNING * * *
You closely miss the orc priest.
The orc priest is almost dead.
The orc priest hits you but does no damage.
Unknown command.
You hit the orc priest but do no damage.
You headbutt the orc priest, but do no damage.
The orc priest is almost dead.
The orc priest invokes the aid of Beogh against you.
Beogh smites you!
You die...

#. .# #.# .. .# ##.#
###.## #####))..###
######ho@[#.....###
#......#####..#...###
...###...#
#...##...### #.....#
##..####...###
#......# #..# ##....#
........##..# ###...
#.........##.# ###.
...........#.. ##
#.............


You could see a black bear and an orc priest.

Vanquished Creatures
  Grinder (D:3)
  Menkaure (D:5)
  A phantom (D:5)
  A bullfrog (D:4)
  3 scorpions
  A water moccasin skeleton (D:4)
  2 hounds
  2 jellies
  A bullfrog skeleton (D:5)
  An iguana (D:4)
  Jessica (D:2)
  An orc wizard (D:5)
  4 gnolls (D:2)
  3 adders
  2 worms (D:3)
  2 dart slugs
  13 orcs
  5 ball pythons
  11 endoplasms
  5 giant cockroaches
  9 goblins
  8 hobgoblins
  2 jackals (D:2)
  4 kobolds
  8 quokkas
  7 bats
  3 frilled lizards (D:1)
  10 rats
112 creatures vanquished.

Notes
Turn   | Place    | Note
-------+----------+-------------------------------------------
     0 | D:1      | issech the Minotaur Monk began the quest for the Orb.
     0 | D:1      | Reached XP level 1. HP: 19/19 MP: 0/0
   347 | D:1      | Reached XP level 2. HP: 24/27 MP: 1/1
   730 | D:1      | Reached skill level 4 in Fighting
   937 | D:1      | Reached XP level 3. HP: 31/33 MP: 2/2
  1236 | D:2      | Noticed Jessica
  1240 | D:2      | Killed Jessica
  1341 | D:2      | Reached XP level 4. HP: 40/40 MP: 3/3
  1381 | D:2      | Reached skill level 1 in Armour
  1481 | D:2      | Reached skill level 1 in Slings
  2343 | D:3      | Reached XP level 5. HP: 46/47 MP: 4/4
  2429 | D:3      | Reached skill level 1 in Maces & Flails
  2524 | D:3      | Noticed Grinder
  2674 | D:3      | Paralysed by Grinder for 6 turns
  2753 | D:3      | Paralysed by Grinder for 2 turns
  2757 | D:3      | Paralysed by Grinder for 2 turns
  3463 | D:4      | Found a shimmering blue altar of Sif Muna.
  3515 | D:4      | Reached XP level 6. HP: 39/53 MP: 5/5
  3722 | D:4      | You fall into a shaft and drop 2 floors!
  4034 | D:5      | Entered Level 5 of the Dungeon
  4039 | D:5      | Reached skill level 5 in Fighting
  4134 | D:4      | Reached XP level 7. HP: 61/61 MP: 6/6
  4162 | D:4      | Found Waumade's Magic Scroll Shoppe.
  4176 | D:4      | Bought a scroll of identify for 26 gold pieces
  4183 | D:4      | Bought a scroll of identify for 26 gold pieces
  4886 | D:3      | Paralysed by Grinder for 7 turns
  4896 | D:3      | Killed Grinder
  5017 | D:3      | Found a faded altar of an unknown god.
  5153 | D:5      | Noticed Menkaure
  5154 | D:5      | Reached skill level 5 in Maces & Flails
  5157 | D:5      | Reached skill level 5 in Armour
  5454 | D:5      | Killed Menkaure
  5907 | D:5      | Reached XP level 8. HP: 70/70 MP: 7/7
  6056 | D:5      | Reached skill level 6 in Fighting
  6414 | D:6      | HP: 2/70 [orc priest/+2 hand axe of electrocution (15)]
  6416 | D:6      | Killed from afar by an orc priest

Illustrated notes

Levels and vault maps discovered:
D:1:      minmay_arrival_five_plusses, layout_loops_ring,
          minmay_splitting_lines, minmay_misc_feat_plants,
          minmay_split_cup_large
D:2:      layout_rooms, minmay_vboxes, uniq_jessica
D:3:      layout_loops_cross, chequers_ecumenical_altar_twisty,
          minmay_misc_feat_columns, uniq_grinder
D:4:      layout_basic, lemuel_doored_altar, serial_shops, shop
D:5:      layout_rooms, st_stairs_5, grunt_decor_clamped, uniq_menkaure
D:6:      layout_cave_pods

Skill      XL: |  1  2  3  4  5  6  7  8 |
---------------+-------------------------+-----
Axes           | 4 |  4.2
Fighting       | 4 5 6 |  6.0
Dodging        | 4 |  4.6
Armour         | 1 2 4 5 |  5.7
Stealth        | 2 |  2.1
Slings         | 2 |  2.5
Maces & Flails | 2 3 5 |  5.9

Action                   |  1- 3 |  4- 6 |  7- 9 || total
-------------------------+-------+-------+-------++-------
Melee: Hand axe          |    40 |       |       ||    40
       Headbutt          |    10 |    27 |    23 ||    60
       Dagger            |    25 |    12 |       ||    37
       Club              |       |   108 |    93 ||   201
       Punch             |       |     2 |       ||     2
 Fire: Hunting sling     |     4 |    28 |       ||    32
  Use: Scroll            |       |       |     8 ||     8
 Stab: Sleeping          |     3 |       |       ||     3
Armor: Robe              |     6 |       |       ||     6
       Leather armour    |     7 |     6 |       ||    13
       Chain mail        |       |    71 |       ||    71
       Crystal plate arm |       |    10 |    78 ||    88
Dodge: Dodged            |    48 |    80 |     5 ||   133
